| TOP OF THE 1ST |
|
Fresno State University Bulldogs batting - Pitching for University of Toronto Marlies : RHP Yuji Higashi
|
|
Pitching: RHP Yuji Higashi
|
|
|
Batting: RHB Janne Vihko
|
0-0: Ball 1-0: Swinging Strike 1-1: Ground out 6-3 (Groundball, 6, EV 110.6 MPH)
|
|
Batting: LHB Mike Roberts
|
0-0: Ball 1-0: SOLO HOME RUN (Flyball, 7LD, EV 96.9 MPH), Distance : 360 ft
|
|
Batting: RHB Tommy Tracy
|
0-0: SOLO HOME RUN (Flyball, 7LD, EV 98.8 MPH), Distance : 371 ft
|
|
Batting: RHB Todd Vanasco
|
0-0: Ground out 4-3 (Groundball, 4, EV 88.1 MPH)
|
|
Batting: RHB Wali Mulogo
|
0-0: Called Strike 0-1: Ball 1-1: Foul Ball, location: 2F 1-2: Ground out 6-3 (Groundball, 6, EV 105.6 MPH)
|
| Top of the 1st over - 2 runs, 2 hits, 0 errors, 0 left on base; Fresno State University 2 - University of Toronto 0 |
| BOTTOM OF THE 1ST |
|
University of Toronto Marlies batting - Pitching for Fresno State University Bulldogs : RHP Andy Wolverton
|
|
Pitching: RHP Andy Wolverton
|
|
|
Batting: LHB Jonathan Roman
|
0-0: Foul Ball, location: 2F 0-1: Ground out 1-3 (Groundball, 34S, EV 70.6 MPH)
|
|
Batting: RHB Rich Thurman
|
0-0: Ball 1-0: Called Strike 1-1: Ball 2-1: Swinging Strike 2-2: Ball 3-2: Foul Ball, location: 2F 3-2: Foul Ball, location: 2F 3-2: Fly out, F6 (Popup, 6S, EV 70.6 MPH)
|
|
Batting: LHB Jonathon Walton
|
0-0: Ball 1-0: Swinging Strike 1-1: Foul Ball, location: 2F 1-2: Ball 2-2: Foul Ball, location: 2F 2-2: Ball 3-2: Base on Balls
|
|
Batting: RHB Elijah Hunter
|
0-0: Swinging Strike 0-1: SINGLE (Flyball, 3D, EV 93.1 MPH) Jonathon Walton to second
|
|
Batting: RHB Masaru Konno
|
0-0: Fly out, F5 (Popup, 56S, EV 72.5 MPH)
|
| Bottom of the 1st over - 0 runs, 1 hit, 0 errors, 2 left on base; Fresno State University 2 - University of Toronto 0 |
| TOP OF THE 2ND |
|
Fresno State University Bulldogs batting - Pitching for University of Toronto Marlies : RHP Yuji Higashi
|
|
Batting: RHB Phil Hamby
|
0-0: Ball 1-0: SINGLE (Groundball, 34D, EV 103.8 MPH)
|
|
Batting: LHB Vinny Rivera
|
0-0: Called Strike 0-1: Fly out, F9 (Flyball, 9LM, EV 98.1 MPH)
|
|
Batting: RHB Ryan Miller
|
0-0: DOUBLE (Line Drive, 7D, EV 96.2 MPH) Phil Hamby to third
|
|
Batting: SHB Andres Agudo
|
0-0: Ball 1-0: Ball 2-0: Called Strike 2-1: Called Strike 2-2: Strikes out looking
|
|
Batting: RHB Janne Vihko
|
0-0: SINGLE (Groundball, 56D, EV 96.9 MPH) Phil Hamby scores Ryan Miller to third Runner from 3rd tries for Home, SAFE, throw by LF to home
|
|
Batting: LHB Mike Roberts
|
0-0: Called Strike 0-1: Called Strike 0-2: Foul Ball, location: 2F 0-2: Foul Ball, location: 2F 0-2: Ball 1-2: Fly out, F8 (Flyball, 8RD, EV 91.9 MPH)
|
| Top of the 2nd over - 2 runs, 3 hits, 0 errors, 1 left on base; Fresno State University 4 - University of Toronto 0 |
| BOTTOM OF THE 2ND |
|
University of Toronto Marlies batting - Pitching for Fresno State University Bulldogs : RHP Andy Wolverton
|
|
Batting: LHB Chris Williams
|
0-0: Foul Ball, location: 2F 0-1: Ball 1-1: Ball 2-1: Foul Ball, location: 2F 2-2: Ground out 5-3 (Groundball, 56, EV 81.9 MPH)
|
|
Batting: RHB Nate Henderson
|
0-0: Foul Ball, location: 2F 0-1: Ball 1-1: SINGLE (Line Drive, 89S, EV 101.2 MPH)
|
|
Batting: RHB Dan Allred
|
0-0: Fly out, F7 (Flyball, 7S, EV 93.1 MPH)
|
|
Batting: RHB Kevin Dionne
|
0-0: Called Strike 0-1: Ball 1-1: Foul Ball, location: 2F 1-2: Fielders Choice at 2nd, 5-4 (Groundball, 56, EV 86.9 MPH)
|
| Bottom of the 2nd over - 0 runs, 1 hit, 0 errors, 1 left on base; Fresno State University 4 - University of Toronto 0 |
| TOP OF THE 3RD |
|
Fresno State University Bulldogs batting - Pitching for University of Toronto Marlies : RHP Yuji Higashi
|
|
Batting: RHB Tommy Tracy
|
0-0: Called Strike 0-1: Ball 1-1: Ground out 6-3 (Groundball, 6, EV 90.6 MPH)
|
|
Batting: RHB Todd Vanasco
|
0-0: Ball 1-0: Ball 2-0: Ground out U3 (Groundball, 13, EV 87.5 MPH)
|
|
Batting: RHB Wali Mulogo
|
0-0: Ground out 6-3 (Groundball, 6, EV 79.4 MPH)
|
| Top of the 3rd over - 0 runs, 0 hits, 0 errors, 0 left on base; Fresno State University 4 - University of Toronto 0 |
| BOTTOM OF THE 3RD |
|
University of Toronto Marlies batting - Pitching for Fresno State University Bulldogs : RHP Andy Wolverton
|
|
Batting: LHB Jonathan Roman
|
0-0: Ball 1-0: Ground out 4-3 (Groundball, 4, EV 103.1 MPH)
|
|
Batting: RHB Rich Thurman
|
0-0: Foul Ball, location: 2F 0-1: Swinging Strike 0-2: SINGLE (Groundball, 56, EV 108.8 MPH)
|
|
Batting: LHB Jonathon Walton
|
0-0: Ball 1-0: Called Strike 1-1: Called Strike 1-2: Ball 2-2: SINGLE (Groundball, 5D, EV 110.6 MPH) Rich Thurman to second
|
|
Batting: RHB Elijah Hunter
|
0-0: Ball 1-0: Called Strike 1-1: Called Strike 1-2: Foul Ball, location: 2F 1-2: Ball 2-2: Strikes out swinging
|
|
Batting: RHB Masaru Konno
|
0-0: Called Strike 0-1: Ball 1-1: Ball 2-1: Foul Ball, location: 2F 2-2: Foul Ball, location: 2F 2-2: Ball 3-2: Foul Ball, location: 2F 3-2: Foul Ball, location: 2F 3-2: Fly out, F8 (Flyball, 89M, EV 90.0 MPH)
|
| Bottom of the 3rd over - 0 runs, 2 hits, 0 errors, 2 left on base; Fresno State University 4 - University of Toronto 0 |
| TOP OF THE 4TH |
|
Fresno State University Bulldogs batting - Pitching for University of Toronto Marlies : RHP Yuji Higashi
|
|
Batting: RHB Phil Hamby
|
0-0: Ball 1-0: DOUBLE (Line Drive, 89XD, EV 103.8 MPH)
|
|
Batting: LHB Vinny Rivera
|
0-0: Foul Ball, location: 2F 0-1: Called Strike 0-2: Strikes out looking
|
|
Batting: RHB Ryan Miller
|
0-0: SINGLE (Line Drive, 89S, EV 95.6 MPH) Phil Hamby to third
|
|
Batting: SHB Andres Agudo
|
0-0: Called Strike 0-1: Ball 1-1: Foul Ball, location: 2F 1-2: Strikes out swinging
|
|
Batting: RHB Janne Vihko
|
0-0: Swinging Strike 0-1: SINGLE (Groundball, 34D, EV 95.6 MPH) Phil Hamby scores Ryan Miller to second Runner from 2nd tries for 3rd, SAFE, throw by RF made at trailing runner, OUT! 9-6
|
| Top of the 4th over - 1 run, 3 hits, 0 errors, 1 left on base; Fresno State University 5 - University of Toronto 0 |
| BOTTOM OF THE 4TH |
|
University of Toronto Marlies batting - Pitching for Fresno State University Bulldogs : RHP Andy Wolverton
|
|
Batting: LHB Chris Williams
|
0-0: Ground out 4-3 (Groundball, 34, EV 103.1 MPH)
|
|
Batting: RHB Nate Henderson
|
0-0: Ball 1-0: Swinging Strike 1-1: Called Strike 1-2: Ball 2-2: DOUBLE (Line Drive, 78D, EV 102.5 MPH)
|
|
Batting: RHB Dan Allred
|
0-0: Ground out 6-3 (Groundball, 56, EV 83.1 MPH)
|
|
Batting: RHB Kevin Dionne
|
0-0: Ball 1-0: Ball 2-0: Called Strike 2-1: Swinging Strike 2-2: Ball 3-2: Strikes out looking
|
| Bottom of the 4th over - 0 runs, 1 hit, 0 errors, 1 left on base; Fresno State University 5 - University of Toronto 0 |
| TOP OF THE 5TH |
|
Fresno State University Bulldogs batting - Pitching for University of Toronto Marlies : RHP Yuji Higashi
|
|
Pitching: RHP Tony Cortez
|
|
|
Batting: LHB Mike Roberts
|
0-0: Foul Ball, location: 2F 0-1: Ball 1-1: Ball 2-1: Fly out, F8 (Flyball, 8LM, EV 88.8 MPH)
|
|
Batting: RHB Tommy Tracy
|
0-0: Called Strike 0-1: Foul Ball, location: 2F 0-2: Strikes out looking
|
|
Batting: RHB Todd Vanasco
|
0-0: Ground out 4-3 (Groundball, 4, EV 90.0 MPH)
|
| Top of the 5th over - 0 runs, 0 hits, 0 errors, 0 left on base; Fresno State University 5 - University of Toronto 0 |
| BOTTOM OF THE 5TH |
|
University of Toronto Marlies batting - Pitching for Fresno State University Bulldogs : RHP Andy Wolverton
|
|
Pitching: RHP Bill Gomez
|
|
|
Batting: LHB Jonathan Roman
|
0-0: Ball 1-0: Ball 2-0: Foul Ball, location: 2F 2-1: Ball 3-1: Called Strike 3-2: SOLO HOME RUN (Flyball, 8LXD, EV 115.6 MPH), Distance : 448 ft
|
|
Batting: RHB Rich Thurman
|
0-0: Foul Ball, location: 2F 0-1: Ball 1-1: Foul Ball, location: 2F 1-2: Fly out, F7 (Flyball, 7, EV 89.4 MPH)
|
|
Batting: LHB Jonathon Walton
|
0-0: Ball 1-0: Foul Ball, location: 2F 1-1: Ball 2-1: Called Strike 2-2: Foul Ball, location: 2F 2-2: Ball 3-2: Base on Balls
|
|
Batting: RHB Elijah Hunter
|
0-0: Ball 1-0: Reached on error, E6 (Groundball, 6, EV 111.2 MPH) Jonathon Walton to second
|
|
Batting: RHB Masaru Konno
|
0-0: Called Strike 0-1: Ball 1-1: Foul Ball, location: 2F 1-2: Foul Ball, location: 2F 1-2: Foul Ball, location: 2F 1-2: Ball 2-2: SINGLE (Flyball, 9LS, EV 91.9 MPH) Jonathon Walton to third Elijah Hunter to second
|
|
Batting: LHB Chris Williams
|
0-0: Called Strike 0-1: Swinging Strike 0-2: Grounds into fielders choice 1-2 (Groundball, 13, EV 71.9 MPH) Elijah Hunter to third Masaru Konno to second
|
|
Batting: RHB Nate Henderson
|
0-0: Ball 1-0: Ball 2-0: Called Strike 2-1: Called Strike 2-2: Strikes out looking
|
| Bottom of the 5th over - 1 run, 2 hits, 1 error, 3 left on base; Fresno State University 5 - University of Toronto 1 |
| TOP OF THE 6TH |
|
Fresno State University Bulldogs batting - Pitching for University of Toronto Marlies : RHP Tony Cortez
|
|
Batting: RHB Wali Mulogo
|
0-0: Ball 1-0: Ball 2-0: SINGLE (Groundball, 6MD, EV 96.2 MPH)
|
|
Batting: RHB Phil Hamby
|
0-0: Ball 1-0: Ball 2-0: Called Strike 2-1: Ball 3-1: Sac Bunt - play at second, runner OUT -> throw to first, DP!
|
|
Batting: LHB Vinny Rivera
|
0-0: Swinging Strike 0-1: Ball 1-1: Foul Ball, location: 2F 1-2: Foul Ball, location: 2F 1-2: Strikes out swinging
|
| Top of the 6th over - 0 runs, 1 hit, 0 errors, 0 left on base; Fresno State University 5 - University of Toronto 1 |
| BOTTOM OF THE 6TH |
|
University of Toronto Marlies batting - Pitching for Fresno State University Bulldogs : RHP Bill Gomez
|
|
Batting: RHB Dan Allred
|
0-0: Called Strike 0-1: Called Strike 0-2: Foul Ball, location: 2F 0-2: SINGLE (Groundball, 5S, EV 68.1 MPH) (infield hit)
|
|
Pitching: RHP David Alferez
|
|
|
Batting: RHB Kevin Dionne
|
0-0: Swinging Strike 0-1: Foul Ball, location: 2F 0-2: Foul Ball, location: 2F 0-2: Strikes out swinging
|
|
Batting: LHB Marshall Daul
|
0-0: Called Strike 0-1: Foul Ball, location: 2F 0-2: Foul Ball, location: 2F 0-2: Strikes out looking
|
|
Pinch Hitting: SHB Jason Todd
|
0-0: Ball 1-0: Foul Ball, location: 2F 1-1: Ball 2-1: Swinging Strike 2-2: Strikes out swinging
|
| Bottom of the 6th over - 0 runs, 1 hit, 0 errors, 1 left on base; Fresno State University 5 - University of Toronto 1 |
| TOP OF THE 7TH |
|
Fresno State University Bulldogs batting - Pitching for University of Toronto Marlies : RHP Tony Cortez
|
|
Now at 3B: Jason Todd
|
|
|
Batting: RHB Ryan Miller
|
0-0: Called Strike 0-1: Ball 1-1: Ball 2-1: Swinging Strike 2-2: Strikes out swinging
|
|
Pitching: LHP Chris Salazar
|
|
|
Batting: SHB Andres Agudo
|
0-0: Called Strike 0-1: Ball 1-1: Ball 2-1: SOLO HOME RUN (Flyball, 7D, EV 103.1 MPH), Distance : 411 ft
|
|
Pinch Hitting: RHB Andrew Pride
|
0-0: Ball 1-0: Swinging Strike 1-1: Ball 2-1: Ball 3-1: Swinging Strike 3-2: Strikes out swinging
|
|
Pinch Hitting: RHB Miguel Velasco
|
0-0: Ball 1-0: Foul Ball, location: 2F 1-1: Ground out 6-3 (Groundball, 56, EV 83.8 MPH)
|
| Top of the 7th over - 1 run, 1 hit, 0 errors, 0 left on base; Fresno State University 6 - University of Toronto 1 |
| BOTTOM OF THE 7TH |
|
University of Toronto Marlies batting - Pitching for Fresno State University Bulldogs : RHP David Alferez
|
|
Now at 1B: Jack Tierney
|
|
|
Now in LF: Tony Aguiar
|
|
|
Now in CF: Vinny Rivera
|
|
|
Pinch Hitting: RHB Leo Gutierrez
|
0-0: Ball 1-0: Foul Ball, location: 2F 1-1: Foul Ball, location: 2F 1-2: Ball 2-2: DOUBLE (Line Drive, 78D, EV 104.4 MPH)
|
|
Pinch Hitting: SHB Jim Lloyd
|
0-0: Ball 1-0: Called Strike 1-1: Ground out 5-3 (Groundball, 56S, EV 88.8 MPH)
|
|
Pinch Hitting: RHB Jose Argueta
|
0-0: Ball 1-0: Ground out U3 (Groundball, 13, EV 85.0 MPH) Leo Gutierrez to third
|
|
Batting: LHB Chris Williams
|
0-0: Called Strike 0-1: Foul Ball, location: 2F 0-2: Foul Ball, location: 2F 0-2: Strikes out looking
|
| Bottom of the 7th over - 0 runs, 1 hit, 0 errors, 1 left on base; Fresno State University 6 - University of Toronto 1 |
| TOP OF THE 8TH |
|
Fresno State University Bulldogs batting - Pitching for University of Toronto Marlies : LHP Chris Salazar
|
|
Now at 1B: Leo Gutierrez
|
|
|
Now at SS: Jose Argueta
|
|
|
Now in LF: Jim Lloyd
|
|
|
Pinch Hitting: RHB Juan Gallegos
|
0-0: Foul Ball, location: 2F 0-1: Ball 1-1: Ball 2-1: Foul Ball, location: 2F 2-2: Ball 3-2: Strikes out swinging
|
|
Batting: RHB Todd Vanasco
|
0-0: Foul Ball, location: 2F 0-1: Ball 1-1: Ball 2-1: SINGLE (Flyball, 4D, EV 90.6 MPH)
|
|
Batting: LHB Paul McCool
|
0-0: Called Strike 0-1: SINGLE (Flyball, 3D, EV 86.9 MPH) Todd Vanasco to second
|
|
Batting: RHB Phil Hamby
|
0-0: Ball 1-0: Fly out, F8 (Flyball, 89XD, EV 80.6 MPH) Runner from 2nd tags up, SAFE at 3rd, no throw by CF
|
|
Batting: LHB Vinny Rivera
|
0-0: Swinging Strike 0-1: Foul Ball, location: 2F 0-2: Fly out, F9 (Flyball, 9LD, EV 106.9 MPH)
|
| Top of the 8th over - 0 runs, 2 hits, 0 errors, 2 left on base; Fresno State University 6 - University of Toronto 1 |
| BOTTOM OF THE 8TH |
|
University of Toronto Marlies batting - Pitching for Fresno State University Bulldogs : RHP David Alferez
|
|
Now in RF: Juan Gallegos
|
|
|
Batting: RHB Nate Henderson
|
0-0: Ball 1-0: Ball 2-0: Fly out, F8 (Flyball, 78M, EV 93.1 MPH)
|
|
Pinch Hitting: LHB Fernão Manta
|
0-0: Called Strike 0-1: Ball 1-1: Ball 2-1: Called Strike 2-2: Foul Ball, location: 2F 2-2: Ball 3-2: Strikes out swinging
|
|
Pitching: LHP David Ayala
|
|
|
Batting: RHB Kevin Dionne
|
0-0: Foul Ball, location: 2F 0-1: Ball 1-1: Swinging Strike 1-2: Strikes out swinging
|
| Bottom of the 8th over - 0 runs, 0 hits, 0 errors, 0 left on base; Fresno State University 6 - University of Toronto 1 |
| TOP OF THE 9TH |
|
Fresno State University Bulldogs batting - Pitching for University of Toronto Marlies : LHP Chris Salazar
|
|
Now in RF: Fernão Manta
|
|
|
Batting: RHB Ryan Miller
|
0-0: Ball 1-0: Foul Ball, location: 2F 1-1: SINGLE (Groundball, 4S, EV 70.6 MPH) (infield hit)
|
|
Pitching: RHP Dane Long
|
|
|
Pinch Hitting: RHB Minoru Matsumoto
|
0-0: Foul Ball, location: 2F 0-1: DOUBLE (Groundball, 5L, EV 104.4 MPH) Ryan Miller to third
|
|
Batting: RHB Tony Aguiar
|
0-0: Called Strike 0-1: Ball Wild Pitch! Ryan Miller scores Minoru Matsumoto to third 1-1: Ground out 6-3 (Groundball, 6S, EV 83.8 MPH) Minoru Matsumoto scores
|
|
Batting: SHB Jack Tierney
|
0-0: Ball 1-0: Ball 2-0: Foul Ball, location: 2F 2-1: Ball 3-1: Swinging Strike 3-2: Fly out, F1 (Line Drive, P, EV 71.9 MPH)
|
|
Batting: RHB Juan Gallegos
|
0-0: Ball 1-0: Fly out, F8 (Flyball, 8LXD, EV 98.8 MPH)
|
| Top of the 9th over - 2 runs, 2 hits, 0 errors, 0 left on base; Fresno State University 8 - University of Toronto 1 |
| BOTTOM OF THE 9TH |
|
University of Toronto Marlies batting - Pitching for Fresno State University Bulldogs : LHP David Ayala
|
|
Now at 3B: Minoru Matsumoto
|
|
|
Batting: LHB Marshall Daul
|
0-0: Foul Ball, location: 2F 0-1: Ball 1-1: Foul Ball, location: 2F 1-2: Ball 2-2: Ball 3-2: Ground out 5-3 (Groundball, 5L, EV 104.4 MPH)
|
|
Batting: SHB Jason Todd
|
0-0: Foul Ball, location: 2F 0-1: Ball 1-1: Swinging Strike 1-2: Ball 2-2: Foul Ball, location: 2F 2-2: Strikes out looking
|
|
Batting: RHB Leo Gutierrez
|
0-0: Ball 1-0: Ground out 6-3 (Groundball, 6M, EV 100.6 MPH)
|
| Bottom of the 9th over - 0 runs, 0 hits, 0 errors, 0 left on base; Fresno State University 8 - University of Toronto 1 |
|